 Dungeon Crawl Stone Soup version 0.27.1-1-g398f81649c (webtiles) character file.

Game seed: 15953678414899494413

105 Metae the Skirmisher (level 4, -1/41 HPs)
             Began as a Hill Orc Fighter on Sept 7, 2021.
             Was an Initiate of the Shining One.
             Killed from afar by an electric eel (7 damage)
             ... with a bolt of electricity
             ... on level 3 of the Dungeon.
             The game lasted 00:07:53 (2683 turns).

Metae the Skirmisher (Hill Orc Fighter)             Turns: 2683, Time: 00:07:56

Health: -1/41      AC: 10    Str: 19    XL:     4   Next: 81%
Magic:  4/4        EV:  7    Int:  8    God:    the Shining One [......]
Gold:   109        SH:  9    Dex: 10    Spells: 3/3 levels left

rFire    . . .     SeeInvis .   a - +0 war axe
rCold    . . .     Faith    .   c - +0 kite shield
rNeg     . . .     Spirit   .   b - +0 scale mail
rPois    .         Reflect  .   (no helmet)
rElec    .         Harm     .   (no cloak)
rCorr    .         Rampage  .   (no gloves)
Will     .....                  o - +2 pair of boots
Stlth    ..........             (no amulet)
HPRegen  0.13/turn              (no ring)
MPRegen  0.09/turn              (no ring)

@: glowing
A: no striking features
a: Renounce Religion


You were on level 3 of the Dungeon.
You worshipped the Shining One.
The Shining One was noncommittal.
You visited 1 branch of the dungeon, and saw 3 of its levels.

You collected 109 gold pieces.

Inventory:

Hand Weapons
 a - a +0 war axe (weapon)
 f - a +0 hunting sling
Missiles
 e - 29 sling bullets
Armour
 b - a +0 scale mail (worn)
 c - a +0 kite shield (worn)
 o - a +2 pair of boots (worn)
Wands
 k - a wand of acid (8)
 v - a wand of flame (7)
Scrolls
 h - a scroll of amnesia
 i - 2 scrolls of identify
 j - a scroll of teleportation {unknown}
 l - a scroll of holy word {unknown}
 s - a scroll of enchant armour {unknown}
 t - a scroll of blinking {unknown}
 u - a scroll of magic mapping {unknown}
Potions
 d - 2 potions of might
 g - 2 potions of invisibility {unknown}
 m - a potion of resistance {unknown}
 n - 2 potions of curing {unknown}
 p - a potion of degeneration {unknown}
 q - a potion of heal wounds {unknown}
 r - a potion of lignification {unknown}


   Skills:
 * Level 4.8 Fighting
 + Level 3.7 Axes
 + Level 4.1 Armour
 + Level 3.8 Shields


You had 3 spell levels left.
You didn't know any spells.
Your spell library was empty.

Dungeon Overview and Level Annotations

Branches:
Dungeon (3/15)

Altars:
Fedhas
Yredelemnul
The Shining One

Shops:
D:3 :((

Annotations:
D:3 1 transporter


Message History

The electric eel is lightly wounded.
You slash the plant!
The plant begins to die.
The electric eel shoots out a bolt of lightning at you!
The bolt of electricity hits you!
The electric eel shoots out a bolt of lightning at you!
The bolt of electricity hits you.
The electric eel shoots out a bolt of lightning at you!
The bolt of electricity hits you!
A nearby plant withers and dies.
The electric eel shoots out a bolt of lightning at you!
The bolt of electricity hits you!
* * * LOW HITPOINT WARNING * * *
The electric eel shoots out a bolt of lightning at you!
The bolt of electricity hits you.
* * * LOW HITPOINT WARNING * * *
The bolt of electricity hits you. The Shining One protects you from harm!
The bolt of electricity hits the plant!
The plant begins to die.
There is an open door here.
There is a transporter landing site here.
You can't go up here!
You start resting.
A nearby plant withers and dies.
You start resting.
HP restored.
You start waiting.
Done waiting.
There is a transporter landing site here.
As you read the scroll labelled MACEPS SANOG, it crumbles to dust.
It is a scroll of identify.
h - a scroll of amnesia The electric eel shoots out a bolt of lightning at you!
The bolt of electricity hits you! x2
There is an open door here.
The electric eel shoots out a bolt of lightning at you!
The bolt of electricity hits you.
The electric eel shoots out a bolt of lightning at you!
The bolt of electricity hits you!
* * * LOW HITPOINT WARNING * * *
The bolt of electricity hits you!
You die...

..####.## #........# #.....#..
.## #..# #........# #>....#.. ##
##.####........#####.....#..
#######....#..................#..
#......................##.....###
......###############...####..###
......#8P#≈≈≈≈≈≈≈#P8#............
......#..#≈≈≈≈≈..#..#.....#......
.....©#©(+≈≈P♣≈.@'.©#©....#.#....
......#..#≈P≈≈≈..#..#.....#......
......#8P#≈≈≈≈≈;;#≈8#.....##.....
......###############.....###..>.
#.........................# #....
###################.......# #....
#.......# #.... ######### #####


You could see 2 electric eels.

Vanquished Creatures
  3 gnolls (D:3)
  3 adders
  A worm (D:2)
  A dart slug (D:2)
  4 ball pythons
  2 endoplasms
  2 giant cockroaches (D:3)
  3 goblins
  4 hobgoblins
  2 jackals (D:1)
  3 quokkas
  7 bats
  3 frilled lizards
  4 kobolds
  6 rats
48 creatures vanquished.

Vanquished Creatures (others)
  2 plants (D:3)
2 creatures vanquished.

Grand Total: 50 creatures vanquished

Notes
Turn   | Place    | Note
-------+----------+-------------------------------------------
     0 | D:1      | Metae the Hill Orc Fighter began the quest for the Orb.
     0 | D:1      | Reached XP level 1. HP: 19/19 MP: 1/1
   299 | D:1      | Reached XP level 2. HP: 27/27 MP: 2/2
  1206 | D:2      | Reached XP level 3. HP: 31/33 MP: 3/3
  1619 | D:3      | Found a transporter.
  1637 | D:3      | Found a transporter.
  1745 | D:3      | Found a glowing golden altar of the Shining One.
  1747 | D:3      | Noticed an angel
  1762 | D:3      | Found a basalt altar of Yredelemnul.
  1766 | D:3      | Noticed a profane servitor
  1793 | D:3      | Found Xyzulin's Antique Weapon Boutique.
  1796 | D:3      | Reached XP level 4. HP: 41/41 MP: 4/4
  1820 | D:3      | Found Tubevez's Book Shoppe.
  1872 | D:3      | Found Elav's Weapon Shop.
  1910 | D:3      | Found a faded altar of an unknown god.
  2060 | D:3      | Found a blossoming altar of Fedhas.
  2184 | D:3      | Became a worshipper of the Shining One
  2272 | D:3      | HP: 1/41 [electric eel/bolt of electricity (4)]
  2272 | D:3      | The Shining One protects you from harm!
  2683 | D:3      | Killed from afar by an electric eel

Illustrated notes

Levels and vault maps discovered:
D:1:      nagdon_arrival_double_spiral, layout_loops_ring
D:2:      layout_basic, minmay_misc_feat_more_columns, minmay_box_of_dots
D:3:      gammafunk_steamed_eel, layout_rooms, grunt_temple_overflow_holy_war,
          mainiacjoe_overflow_catwalk, serial_shops, shop, shop, shop,
          ebering_ecumenical_altar_abandoned

Skill      XL: |  1  2  3 |
---------------+----------+-----
Axes           | 3 |  3.7
Fighting       | 4 |  4.8
Armour         | 4 |  4.1
Shields        | |  3.8

Action                   |  1- 3 |  4- 6 || total
-------------------------+-------+-------++-------
Melee: War axe           |   118 |    28 ||   146
  Use: Scroll            |       |     1 ||     1
Armor: Scale mail        |    65 |    15 ||    80
Dodge: Dodged            |    51 |     7 ||    58
Block: Kite shield       |    73 |    17 ||    90
